 Dungeon Crawl Stone Soup version 0.20.0-15-g7f486f2 (webtiles) character file.

521 greprep the Grave Robber (level 7, -5/35 (36) HPs)
             Began as a Deep Elf Necromancer on June 19, 2017.
             Slain by an ice beast (11 damage)
             ... on level 5 of the Dungeon.
             The game lasted 00:15:59 (9020 turns).

greprep the Grave Robber (Deep Elf Necromancer)     Turns: 9020, Time: 00:16:00

HP:   -5/35 (36)    AC:  2    Str:  5    XL:     7   Next: 1%
MP:   18/18         EV: 16    Int: 22    God:
Gold: 126           SH:  9    Dex: 15    Spells: 10/18 levels left

rFire    . . .     SeeInvis .   h - +1 dagger (protect)
rCold    . . .     Gourm    .   j - +0 buckler
rNeg     . . .     Faith    .   a - +0 robe
rPois    .         Spirit   .   (no helmet)
rElec    .         Reflect  +   (no cloak)
rCorr    +         Harm     .   (no gloves)
MR       .....                  (no boots)
Stlth    ++........             q - +5 amulet of reflection
Regen    0.2/turn               l - ring of resist corrosion
MPRegen  0.2/turn               w - +3 ring of evasion

@: starving
A: no striking features
a: no special abilities


You were on level 5 of the Dungeon.
You were starving.

You visited 1 branch of the dungeon, and saw 5 of its levels.

You collected 191 gold pieces.
You spent 65 gold pieces at shops.

Inventory:

Hand Weapons
 h - a +1 dagger of protection (weapon)
Armour
 a - a +0 robe (worn)
 j - a +0 buckler (worn)
Jewellery
 l - a ring of resist corrosion (left hand)
 q - a +5 amulet of reflection (around neck)
 w - a +3 ring of evasion (right hand)
Wands
 f - a wand of random effects (35/48)
 u - a wand of digging (15/24)
 A - a wand of confusion (32/48)
Scrolls
 e - 3 scrolls of teleportation
 k - a scroll of amnesia
 m - 2 scrolls of enchant armour {unknown}
 o - a scroll of magic mapping {unknown}
 t - 2 scrolls of enchant weapon {unknown}
 x - 6 scrolls of identify
 y - a scroll of immolation {unknown}
 z - a scroll of fear {unknown}
 C - a scroll of vulnerability {unknown}
Potions
 d - a potion of curing
 i - a potion of lignification {unknown}
 n - a potion of berserk rage
 r - 2 potions of heal wounds
 v - a potion of flight {unknown}
 B - a potion of degeneration {unknown}
Books
 b - a book of Necromancy

   Spells                             Type                      Level
   a - Pain                           Necromancy                   1
   b - Animate Skeleton               Necromancy                   1
   c - Vampiric Draining              Necromancy                   3
   d - Regeneration                   Charms/Necromancy            3
   e - Animate Dead                   Necromancy                   4
   f - Control Undead                 Necromancy                   4
Comestibles
 c - a bread ration
 g - 3 meat rations
 p - 3 royal jellies
 s - a fruit


   Skills:
 + Level 0.1 Fighting
 + Level 1.5 Short Blades
 + Level 3.8 Dodging
 + Level 3.6 Stealth
 + Level 1.3 Shields
 + Level 6.1 Spellcasting
 + Level 7.1 Necromancy


You had 10 spell levels left.
You knew the following spells:

 Your Spells              Type           Power        Failure   Level  Hunger
a - Pain                  Necr           ####         1%          1    None
b - Vampiric Draining     Necr           #####.....   1%          3    #......
c - Control Undead        Necr           #####.....   7%          4    ###....


Dungeon Overview and Level Annotations

Branches:
Dungeon (5/15)
 Temple: D:4-7

Altars:
Ashenzari
Qazlal
Sif Muna

Shops:
D:4 !


Message History

There is a stone staircase leading down here.
You climb downwards.
The orc wizard barely misses you. The orc priest closely misses you.
You block the orc's attack.
The orc wizard points at you and mumbles some strange words.
The magic dart hits you!
There is a stone staircase leading up here.
You block the orc's attack.
The orc wizard gestures at you while chanting.
The puff of frost misses you.
The orc wizard hits you but does no damage.
The orc closely misses you.
The ice beast hits you but does no damage.
The orc wizard barely misses you. The ice beast hits you.
The ice beast freezes you!
* * * LOW HITPOINT WARNING * * *
You block the orc's attack. The ice beast hits you.
* * * LOW HITPOINT WARNING * * *
The ice beast freezes you!
You die...

#...........#######...†.........
#............##.................
.......>........###.###<##.###..
...........#.#...#..# #.........
...........#..[).#.## #####..##.
####.#....###.<....##### ##.###
#......####o........# #....
...........oYo##....# ####.
#....####.@.# ....# ## . #<..#
....# #...# ....# #...# ....#
##### ###


You could see an ice beast, an orc priest, an orc wizard and an orc.

Vanquished Creatures
  2 hounds
  A quasit (D:3)
  A bullfrog skeleton (D:4)
  3 orc wizards
  A gnoll shaman (D:3)
  An iguana (D:5)
  A worker ant (D:4)
  5 gnolls (D:4)
  6 adders
  2 oozes
  3 worms
  3 dart slugs
  2 leopard geckos (D:4)
  7 orcs
  3 bats
  7 giant cockroaches
  7 hobgoblins
  4 jackals (D:1)
  11 kobolds
  2 quokkas
  3 ball pythons
  4 frilled lizards
  11 goblins
  10 rats
100 creatures vanquished.

Vanquished Creatures (collateral kills)
  A howler monkey (D:4)
  A worker ant (D:4)
2 creatures vanquished.

Vanquished Creatures (others)
  An adder (D:2)
1 creature vanquished.

Grand Total: 103 creatures vanquished

Notes
Turn   | Place    | Note
-------+----------+-------------------------------------------
     0 | D:1      | greprep the Deep Elf Necromancer began the quest for the Orb.
     0 | D:1      | Reached XP level 1. HP: 10/10 MP: 6/6
    69 | D:1      | Reached skill level 5 in Necromancy
   425 | D:1      | Reached XP level 2. HP: 15/15 MP: 6/8
  1841 | D:2      | Reached XP level 3. HP: 18/19 MP: 7/9
  1846 | D:2      | Learned a level 3 spell: Vampiric Draining
  2603 | D:2      | Found a stormy altar of Qazlal.
  3713 | D:3      | Reached XP level 4. HP: 11/24 MP: 3/12
  3973 | D:3      | Learned a level 4 spell: Control Undead
  4784 | D:2      | Reached skill level 6 in Necromancy
  5764 | D:3      | Found a stormy altar of Qazlal.
  5920 | D:3      | Reached skill level 1 in Shields
  5920 | D:3      | Reached XP level 5. HP: 15/28 MP: 14/14
  6605 | D:3      | Found a deep blue altar of Sif Muna.
  6748 | D:4      | Found Ysipeh's Distillery.
  6760 | D:4      | Bought a potion of heal wounds for 65 gold pieces
  6874 | D:4      | Reached skill level 1 in Short Blades
  6962 | D:4      | Reached skill level 5 in Spellcasting
  7225 | D:4      | Reached XP level 6. HP: 26/31 MP: 9/15
  8047 | D:5      | Entered Level 5 of the Dungeon
  8388 | D:5      | Reached skill level 7 in Necromancy
  8784 | D:5      | Found a shattered altar of Ashenzari.
  8790 | D:5      | Noticed an ice beast
  8794 | D:5      | Reached XP level 7. HP: 32/35 MP: 13/18
  9020 | D:5      | Slain by an ice beast

Skill      XL: |  1  2  3  4  5  6 |
---------------+-------------------+-----
Necromancy     | 5 6 7 |  7.1
Spellcasting   | 4 5 6 |  6.1
Shields        | 1 |  1.3
Stealth        | 3 |  3.6
Dodging        | 3 |  3.8
Short Blades   | 1 |  1.5
Fighting       | |  0.1

Action                   |  1- 3 |  4- 6 |  7- 9 || total
-------------------------+-------+-------+-------++-------
Melee: Dagger            |    84 |   146 |     3 ||   233
 Cast: Pain              |    45 |    92 |     4 ||   141
       Vampiric Draining |    13 |    26 |     4 ||    43
       Control Undead    |       |     4 |       ||     4
  Use: Potion            |     1 |     2 |       ||     3
       Scroll            |       |     4 |       ||     4
 Stab: Sleeping          |     2 |     3 |       ||     5
  Eat: Chunk             |     5 |     6 |       ||    11
       Meat ration       |     1 |     1 |       ||     2
       Bread ration      |       |     1 |       ||     1
       Fruit             |       |     1 |       ||     1
Armor: Robe              |    32 |    70 |     2 ||   104
Dodge: Dodged            |    59 |   215 |    10 ||   284
Block: Buckler           |    19 |   159 |    11 ||   189
       Reflection        |       |     1 |       ||     1
